[Event "Titled Tuesday Blitz August 23 Early 2022"]
[White "Subelj, Jan"]
[Black "Alekseenko, Kirill"]
[WhiteFideId "14618583"]
[BlackFideId "4135539"]
[WhiteElo "2331"]
[BlackElo "2682"]
[Result "1-0"]
[Round "04"]
[TimeControl "180+1"]
[Date "2022.08.23"]
[WhiteClock "0:00:04"]
[BlackClock "0:00:01"]

1. Nf3 d5 2. g3 Nd7 3. d4 Nb6 4. b3 Bf5 5. a4 a5 6. Ba3 Nf6 7. Bg2 g6 8. Nbd2 Bg7 9. Nh4 Be6 10. c3 O-O 11. O-O Qd7 12. Nhf3 Rfe8 13. Ne5 Qc8 14. Re1 Bh3 15. Nd3 Bxg2 16. Kxg2 Qf5 17. Nc5 e5 18. Nxb7 Ng4 19. Rf1 exd4 20. h3 dxc3 21. hxg4 Qc8 22. Nc5 cxd2 23. g5 Qg4 24. Ra2 Qxg5 25. Qxd2 Qf5 26. Rc2 Rad8 27. Nd3 Rd7 28. Qxa5 h5 29. Qd2 d4 30. Nc5 Rde7 31. Qd3 Qd5+ 32. Kg1 h4 33. a5 hxg3 34. Qxg3 Re5 35. f4 Re3 36. Qg2 Qxg2+ 37. Kxg2 Nd5 38. Kf2 Nxf4 39. Bc1 Nd5 40. Bxe3 Nxe3 41. Rfc1 Nxc2 42. Rxc2 Ra8 43. b4 Bf8 44. Nd3 Bd6 45. Ra2 f5 46. b5 Kf7 47. a6 Ke6 48. Rc2 Kd5 49. Rc6 Rb8 50. a7 Ra8 51. Ra6 g5 52. Ra5 Ke6 53. Ra6 Kd5 54. Ra5 g4 55. b6+ Kc6 56. bxc7 Kxc7 57. Rxf5 g3+ 58. Kg2 Rh8 59. Rf7+ Kb6 60. Rh7 Rf8 61. Rh6 Kc6 62. Ne5+ Kd5 63. Nf3 1-0


[Site "https://www.chess.com"]

[Event "Titled Tuesday Blitz August 23 Early 2022"]
[White "Tica, Sven"]
[Black "Mekhitarian, Krikor Sevag"]
[WhiteFideId "14526948"]
[BlackFideId "2107660"]
[WhiteElo "2350"]
[BlackElo "2603"]
[Result "1-0"]
[Round "04"]
[TimeControl "180+1"]
[Date "2022.08.23"]
[WhiteClock "0:00:32"]
[BlackClock "0:00:01"]

1. e4 c5 2. Nc3 e6 3. f4 d5 4. Nf3 Nc6 5. Bb5 Ne7 6. exd5 Nxd5 7. Bxc6+ bxc6 8. O-O c4 9. Qe2 Bd6 10. g3 O-O 11. Ne4 Be7 12. Qxc4 Qb6+ 13. Qd4 c5 14. Qf2 c4 15. Ne5 Ba6 16. d3 cxd3 17. Qxb6 axb6 18. cxd3 f6 19. Nc4 Nb4 20. a3 Nxd3 21. Nxb6 Rad8 22. a4 f5 23. Ng5 Bc5+ 24. Kg2 Bxb6 25. Nxe6 Nxc1 26. Rfxc1 Rd2+ 27. Kh3 Re8 28. Rc6 Rxb2 29. a5 Bb7 30. Rd6 Bg2+ 31. Kh4 Be3 32. Re1 Bf2 33. Rc1 Ba7 34. Rc7 Bb8 35. Rxg7+ Kh8 36. Re7 Rc8 37. Rdd7 Bf3 38. Rxh7+ 1-0


[Site "https://www.chess.com"]

[Event "Titled Tuesday Blitz August 23 Early 2022"]
[White "Vlassov, Nikolai"]
[Black "Timofeev, Artyom"]
[WhiteFideId "4103360"]
[BlackFideId "4140419"]
[WhiteElo "2324"]
[BlackElo "2578"]
[Result "0-1"]
[Round "04"]
[TimeControl "180+1"]
[Date "2022.08.23"]
[WhiteClock "0:00:02"]
[BlackClock "0:00:04"]

1. e4 c5 2. c3 d6 3. d4 Qc7 4. f4 Nf6 5. e5 Nd5 6. Nf3 e6 7. c4 Nb6 8. Nc3 cxd4 9. Nb5 Qd8 10. Qxd4 d5 11. Nd6+ Bxd6 12. exd6 Qf6 13. Qxf6 gxf6 14. c5 N6d7 15. Bb5 O-O 16. Be3 e5 17. O-O d4 18. Bf2 Nc6 19. Rac1 Re8 20. Rfe1 Kf8 21. Bg3 a5 22. Bxc6 bxc6 23. fxe5 fxe5 24. Nxe5 Nxe5 25. Rxe5 Rxe5 26. Bxe5 d3 27. Kf2 Bf5 28. Ke3 Ke8 29. g4 Bxg4 30. Kxd3 Kd7 31. Bc3 a4 32. Rf1 Be6 33. Rf4 Bxa2 34. Kd4 a3 35. bxa3 Rxa3 36. Rf5 Ra4+ 37. Ke5 Rh4 38. Rf2 Bc4 39. Kf6 h6 40. Be5 Be6 41. Rb2 Kc8 42. Rb6 Bd7 43. Ra6 Kb7 44. Rb6+ Ka7 45. Rb3 Re4 46. Ra3+ Kb7 47. Bg3 Re6+ 48. Kxf7 Re4 49. Rb3+ Kc8 50. Kf6 Re6+ 51. Kf7 h5 52. Rb6 Re4 53. Kf6 Rc4 54. Ra6 Rxc5 55. Ke7 Kb7 56. Ra2 Bg4 57. Rb2+ Rb5 0-1


[Site "https://www.chess.com"]

[Event "Titled Tuesday Blitz August 23 Early 2022"]
[White "Williams, Simon K"]
[Black "Jones, Gawain C B"]
[WhiteFideId "404454"]
[BlackFideId "409561"]
[WhiteElo "2468"]
[BlackElo "2657"]
[Result "0-1"]
[Round "04"]
[TimeControl "180+1"]
[Date "2022.08.23"]
[WhiteClock "0:00:47"]
[BlackClock "0:00:50"]

1. d4 Nf6 2. c4 g6 3. Nc3 Bg7 4. e4 d6 5. Nge2 O-O 6. Ng3 h5 7. Be2 h4 8. Nf1 b5 9. cxb5 a6 10. bxa6 Bxa6 11. Bxa6 Nxa6 12. Ne3 c5 13. d5 h3 14. g3 Re8 15. O-O e6 16. Qf3 Nb4 17. Rd1 exd5 18. exd5 Qe7 19. a3 c4 20. Bd2 Nd3 21. Nxc4 Ne5 22. Nxe5 Qxe5 23. Bf4 Qf5 24. Qd3 Re1+ 0-1


[Site "https://www.chess.com"]

[Event "Titled Tuesday Blitz August 23 Early 2022"]
[White "Xu, Yi"]
[Black "Vovk, Orest"]
[WhiteFideId "8605564"]
[BlackFideId "14113490"]
[WhiteElo "2471"]
[BlackElo "2203"]
[Result "1-0"]
[Round "04"]
[TimeControl "180+1"]
[Date "2022.08.23"]
[WhiteClock "0:00:04"]
[BlackClock "0:00:04"]

1. e4 g5 2. d4 h6 3. Nc3 Bg7 4. h4 g4 5. Be3 d6 6. Nge2 c6 7. Ng3 Qa5 8. Qd2 Nf6 9. Bc4 b5 10. Bb3 b4 11. Nce2 Nbd7 12. a3 Rb8 13. Nf4 Qa6 14. Nfh5 Bf8 15. Nxf6+ Nxf6 16. e5 dxe5 17. dxe5 Nd5 18. Bxd5 cxd5 19. Qxd5 e6 20. Qb3 Rb5 21. O-O bxa3 22. Qc3 Rxb2 23. Ne4 Be7 24. Bc5 Qc6 25. Qxa3 Qxe4 26. Qxb2 Bb7 27. Qb5+ Bc6 28. Qb8+ Bd8 29. f3 gxf3 30. Rad1 Bd5 31. Qb5+ Bc6 32. Rxd8+ Kxd8 33. Qb8+ Kd7 34. Qxa7+ Kc8 35. Rb1 f2+ 36. Kxf2 Qxg2+ 37. Ke3 Qe4+ 38. Kd2 Qd5+ 39. Kc1 Bb7 40. Qb6 Qh1+ 41. Kb2 Qc6 42. Qxc6+ Bxc6 43. Rf1 Be8 44. Be7 Rg8 45. Bf6 Rg4 46. Rf3 Kb7 47. Rb3+ Kc6 48. Rb8 Bd7 49. Rf8 Kd5 50. Rh8 Rb4+ 51. Kc3 Re4 52. Rxh6 Bb5 53. Rh8 Rc4+ 54. Kb2 Rb4+ 55. Kc1 Rg4 56. h5 Rg2 57. h6 Ba4 58. h7 Bxc2 59. Rd8+ Ke4 60. h8=Q Bd3 61. Qh4+ Kf3 62. Rxd3+ 1-0


[Site "https://www.chess.com"]

[Event "Titled Tuesday Blitz August 23 Early 2022"]
[White "Yaniuk, Volodymyr"]
[Black "Molina, Roberto Junio Brito"]
[WhiteFideId "14133083"]
[BlackFideId "2109450"]
[WhiteElo "2141"]
[BlackElo "2403"]
[Result "0-1"]
[Round "04"]
[TimeControl "180+1"]
[Date "2022.08.23"]
[WhiteClock "0:00:08"]
[BlackClock "0:00:20"]

1. d4 d5 2. c4 c6 3. Nf3 Nf6 4. e3 Bf5 5. Nc3 e6 6. Nh4 Bg6 7. Qb3 Qb6 8. Nxg6 hxg6 9. Bd2 Nbd7 10. Be2 Be7 11. O-O O-O 12. Qc2 Rac8 13. Rfd1 Qd8 14. e4 dxe4 15. Nxe4 Nxe4 16. Qxe4 Nf6 17. Qe3 Qb6 18. Bc3 Bb4 19. Bxb4 Qxb4 20. b3 Rfd8 21. Bf3 Rc7 22. Rd2 Rcd7 23. Rad1 a5 24. a4 Qb6 25. g3 Qc7 26. Kg2 Qd6 27. d5 cxd5 28. cxd5 exd5 29. g4 d4 30. Rxd4 Qxd4 31. Rxd4 Rxd4 32. g5 Nh7 33. Qe5 b6 34. Qb5 R4d6 35. h4 Nf8 36. b4 axb4 37. Qxb4 Ne6 38. a5 bxa5 39. Qxa5 Rd4 40. Kg3 Rc4 41. Bg4 Rd3+ 42. f3 Rcd4 43. Qb5 Nf8 44. Qe8 Rd8 45. Qe4 R3d4 46. Qe3 Rb4 47. Qe7 Rbb8 48. Qc7 Re8 49. Qd6 Rbd8 50. Qc7 Ra8 51. Qb7 Rab8 52. Qc7 Red8 53. Qe5 Re8 54. Qc7 Rb3 55. Qc4 Rb7 56. Qd5 Rc7 57. Qd6 Rce7 58. h5 gxh5 59. Bxh5 g6 60. Bg4 Ne6 61. Qe5 Ng7 62. Qf6 Re6 63. Qd4 Re1 64. Qd7 R1e7 65. Qd6 Re5 66. Qd2 Nf5+ 67. Kf4 Ne3 68. Bh3 Nd5+ 69. Kg4 Ne7 70. Kg3 Nf5+ 71. Kf4 Ng7 72. Bg4 R5e7 73. Qd6 Ne6+ 74. Bxe6 Rxe6 75. Qd2 R6e7 76. Kg4 Re2 77. Qf4 Rg2+ 78. Kh3 Rg1 79. Kh2 Rge1 80. Qc7 R1e5 81. Qd7 R8e7 82. Qd8+ Re8 83. Qd7 Ra8 84. Qb7 Ra2+ 85. Kh3 Rxg5 86. Qb8+ Kh7 87. Qf8 Rh5+ 88. Kg4 Ra7 89. f4 Rf5 90. Qd8 Ra4 91. Qd1 Raxf4+ 92. Kg3 Kg7 93. Qa1+ Rf6 94. Kg2 Rf5 95. Kg3 g5 96. Kg4 Kg6 97. Qb1 Kg7 98. Qxf5 Rxf5 99. Kxf5 f6 100. Kg4 Kg6 101. Kg3 f5 102. Kf3 Kf6 103. Kg3 Ke5 104. Kf3 Kd4 105. Kf2 Ke4 106. Kg2 Kf4 107. Kf2 Kg4 0-1


[Site "https://www.chess.com"]

[Event "Titled Tuesday Blitz August 23 Early 2022"]
[White "Alekseenko, Kirill"]
[Black "Shuvalova, Polina"]
[WhiteFideId "4135539"]
[BlackFideId "24171760"]
[WhiteElo "2682"]
[BlackElo "2330"]
[Result "1-0"]
[Round "05"]
[TimeControl "180+1"]
[Date "2022.08.23"]
[WhiteClock "0:00:13"]
[BlackClock "0:00:04"]

1. e4 c6 2. d3 d5 3. Nf3 g6 4. e5 Bg7 5. d4 f6 6. exf6 exf6 7. Be2 Nh6 8. O-O O-O 9. Nbd2 Nf7 10. Nb3 Na6 11. Bxa6 bxa6 12. Re1 Nd6 13. Nc5 Re8 14. Rxe8+ Qxe8 15. Qf1 Bg4 16. Bf4 Nc4 17. Re1 Qf7 18. b3 Bxf3 19. gxf3 Na3 20. c3 Nb5 21. a4 Nc7 22. Bxc7 Qxc7 23. Qxa6 Bf8 24. Ne6 Qd7 25. Kg2 Bd6 26. b4 f5 27. b5 cxb5 28. axb5 Rc8 29. Qa2 Bb8 30. Nc5 Qd6 31. Kf1 Rd8 32. Re5 Kh8 33. Nb7 Qc7 34. Nxd8 Qxc3 35. Re8+ Kg7 36. Ne6+ Kh6 37. Rxb8 Qc1+ 38. Kg2 1-0


[Site "https://www.chess.com"]

[Event "Titled Tuesday Blitz August 23 Early 2022"]
[White "Andreikin, Dmitry"]
[Black "Timofeev, Artyom"]
[WhiteFideId "4158814"]
[BlackFideId "4140419"]
[WhiteElo "2736"]
[BlackElo "2578"]
[Result "1-0"]
[Round "05"]
[TimeControl "180+1"]
[Date "2022.08.23"]
[WhiteClock "0:01:09"]
[BlackClock "0:00:20"]

1. Nf3 c5 2. c4 Nf6 3. Nc3 g6 4. g3 Bg7 5. Bg2 O-O 6. O-O Nc6 7. d4 cxd4 8. Nxd4 Ng4 9. e3 d6 10. b3 Nxd4 11. exd4 Nh6 12. Bb2 Nf5 13. d5 Bd7 14. Qd2 a6 15. Ne4 Bxb2 16. Qxb2 b5 17. c5 dxc5 18. Nxc5 Nd6 19. Rfe1 Re8 20. h4 h5 21. Re5 Bf5 22. Rae1 b4 23. Be4 Rc8 24. Nb7 Nxb7 25. Bxf5 Rc3 26. Bxg6 fxg6 27. Rg5 Kf7 28. Re4 Qc7 29. Rf4+ Kg7 30. Rxb4 Kh6 31. Rxb7 Rc1+ 32. Kg2 Qc3 33. Qxc3 Rxc3 34. Rb6 1-0


[Site "https://www.chess.com"]

[Event "Titled Tuesday Blitz August 23 Early 2022"]
[White "Bharath Subramaniyam H"]
[Black "Dounis, Alexandros"]
[WhiteFideId "46634827"]
[BlackFideId "4213238"]
[WhiteElo "2346"]
[BlackElo "2204"]
[Result "0-1"]
[Round "05"]
[TimeControl "180+1"]
[Date "2022.08.23"]
[WhiteClock "0:00:02"]
[BlackClock "0:00:37"]

1. e4 e5 2. Nf3 Nc6 3. Bc4 Bc5 4. d3 Nf6 5. Bg5 h6 6. Bh4 g5 7. Bg3 d6 8. c3 Bg4 9. h3 Bh5 10. Nbd2 O-O 11. b4 Bb6 12. a4 a5 13. b5 Ne7 14. Bh2 c6 15. g4 Bg6 16. bxc6 bxc6 17. Bb3 Bh7 18. h4 Nxg4 19. Bg3 Ng6 20. hxg5 hxg5 21. Nd4 Nxf2 22. Bxf2 Nf4 23. Nxc6 Bxf2+ 24. Kxf2 Qb6+ 25. Kf1 Qxc6 26. Qg4 Qxc3 27. Qxg5+ Ng6 28. Bc4 Qxa1+ 29. Kg2 Qxh1+ 30. Kxh1 Kg7 31. Nf3 Rh8 32. Kg1 Bg8 33. d4 f6 34. Qg4 Bxc4 35. Qd7+ Bf7 36. Qxd6 Rhd8 37. Qc6 exd4 38. Kf2 d3 39. Ke3 Rac8 40. Qb6 d2 41. Nxd2 Rc3+ 42. Ke2 Nf4+ 43. Kd1 Rcd3 44. Qg1+ Bg6 45. Qa7+ R8d7 46. Qb8 Rxd2+ 47. Kc1 Rf2 48. Qc8 Rdd2 49. Qc7+ Bf7 50. Qxa5 Nd3+ 51. Kb1 Rd1# 0-1


[Site "https://www.chess.com"]

[Event "Titled Tuesday Blitz August 23 Early 2022"]
[White "Blanco Ronquillo, Humberto L."]
[Black "Kravtsiv, Martyn"]
[WhiteFideId "3504239"]
[BlackFideId "14113147"]
[WhiteElo "2425"]
[BlackElo "2694"]
[Result "1-0"]
[Round "05"]
[TimeControl "180+1"]
[Date "2022.08.23"]
[WhiteClock "0:00:07"]
[BlackClock "0:00:01"]

1. d4 d5 2. c4 e6 3. Nc3 Bb4 4. cxd5 exd5 5. Qa4+ Nc6 6. Nf3 Nf6 7. Bg5 h6 8. Bxf6 Qxf6 9. e3 Be6 10. Be2 O-O 11. O-O a6 12. Rfc1 Bd6 13. Qd1 Rfe8 14. Na4 Ne7 15. Nc5 Bf5 16. Nxb7 Reb8 17. Nxd6 Qxd6 18. b3 a5 19. Rc3 c6 20. Rac1 Qa3 21. Qd2 a4 22. Bd1 axb3 23. Bxb3 Qd6 24. Ne5 Rb6 25. h3 Be4 26. Qd1 Rba6 27. Qh5 Qe6 28. Qg4 Bf5 29. Qg3 Be4 30. f3 Bh7 31. e4 Qd6 32. exd5 cxd5 33. Qf2 Bf5 34. Qd2 Be6 35. Nd3 Qg3 36. Qf4 Qxf4 37. Nxf4 Nf5 38. Rd1 Rb8 39. g4 Ne7 40. Re1 Kf8 41. Rce3 Rb4 42. Nxe6+ Rxe6 43. Rxe6 fxe6 44. Rxe6 Rxd4 45. Kf2 Kf7 46. Rd6 Ke8 47. Ke3 Rb4 48. Bxd5 Rb6 49. Re6 Kd7 50. Re5 Kd6 51. Re6+ Kd7 52. Rxb6 Nxd5+ 53. Ke4 Nxb6 54. Kf5 Ke7 55. Kg6 Kf8 56. f4 Nd5 57. Kf5 Ke7 58. a4 Ne3+ 59. Kg6 Nd5 60. f5 1-0


[Site "https://www.chess.com"]

[Event "Titled Tuesday Blitz August 23 Early 2022"]
[White "Bluebaum, Matthias"]
[Black "Shirov, Alexei"]
[WhiteFideId "24651516"]
[BlackFideId "2209390"]
[WhiteElo "2603"]
[BlackElo "2678"]
[Result "1-0"]
[Round "05"]
[TimeControl "180+1"]
[Date "2022.08.23"]
[WhiteClock "0:00:50"]
[BlackClock "0:00:30"]

1. d4 d5 2. c4 c6 3. Nc3 Nf6 4. Nf3 e6 5. Qc2 dxc4 6. e3 b5 7. e4 Bb7 8. Be2 Nbd7 9. O-O Be7 10. b3 cxb3 11. axb3 a6 12. e5 Nd5 13. Nxd5 cxd5 14. Bd2 O-O 15. Ba5 Qc8 16. Qd2 Bc6 17. Rfc1 Qb7 18. Bb4 Bxb4 19. Qxb4 Rfc8 20. h4 Nf8 21. Ne1 Qb6 22. Nd3 a5 23. Qc5 Nd7 24. Qd6 Qxd4 25. Ra2 Qb6 26. Rac2 Nb8 27. Nf4 Qd8 28. Bxb5 Qxh4 29. g3 Qg5 30. Nxe6 Qh6 31. Nf4 Qxd6 32. exd6 Rd8 33. Bxc6 Ra6 34. d7 1-0


[Site "https://www.chess.com"]

[Event "Titled Tuesday Blitz August 23 Early 2022"]
[White "Boros, Denes"]
[Black "Kamsky, Gata"]
[WhiteFideId "722340"]
[BlackFideId "2000024"]
[WhiteElo "2464"]
[BlackElo "2666"]
[Result "1/2-1/2"]
[Round "05"]
[TimeControl "180+1"]
[Date "2022.08.23"]
[WhiteClock "0:02:32"]
[BlackClock "0:02:34"]

1. Nf3 Nf6 2. d4 d5 3. c4 c6 4. e3 g6 5. g3 Bg7 6. Bg2 O-O 7. O-O e6 8. a4 a5 9. Ne5 Nfd7 10. Nf3 Na6 11. Nc3 Nf6 12. Ne5 Nd7 13. Nf3 Nf6 14. Ne5 Nd7 15. Nf3 1/2-1/2


[Site "https://www.chess.com"]

[Event "Titled Tuesday Blitz August 23 Early 2022"]
[White "Bykhovsky, Anatoly"]
[Black "Sarana, Alexey"]
[WhiteFideId "2806991"]
[BlackFideId "24133795"]
[WhiteElo "2540"]
[BlackElo "2666"]
[Result "0-1"]
[Round "05"]
[TimeControl "180+1"]
[Date "2022.08.23"]
[WhiteClock "0:00:03"]
[BlackClock "0:00:31"]

1. d4 Nf6 2. Nf3 d5 3. c4 e6 4. Nc3 Nbd7 5. Bg5 h6 6. Bh4 Bb4 7. e3 g5 8. Bg3 Ne4 9. Nd2 Nxc3 10. bxc3 Bxc3 11. Rc1 Ba5 12. h4 c6 13. hxg5 Qxg5 14. Bd3 h5 15. Kf1 Nf6 16. Nf3 Qg7 17. Ne5 Ng4 18. Qf3 Bc7 19. Qxf7+ Qxf7 20. Nxf7 Bxg3 21. Nxh8 Bxf2 22. Rxh5 Bxe3 23. Re1 Bxd4 24. cxd5 cxd5 25. Ng6 Kf7 26. Nf4 Nf6 27. Rh8 e5 28. Nh5 Bf5 29. Bxf5 Rxh8 30. Nxf6 Kxf6 0-1


[Site "https://www.chess.com"]

[Event "Titled Tuesday Blitz August 23 Early 2022"]
[White "Deac, Bogdan-Daniel"]
[Black "Goryachkina, Aleksandra"]
[WhiteFideId "1226380"]
[BlackFideId "4147103"]
[WhiteElo "2648"]
[BlackElo "2426"]
[Result "1-0"]
[Round "05"]
[TimeControl "180+1"]
[Date "2022.08.23"]
[WhiteClock "0:00:03"]
[BlackClock "0:00:01"]

1. Nf3 d5 2. g3 Nc6 3. d4 Bf5 4. c3 e6 5. Bg2 Nf6 6. Bg5 Be7 7. O-O h6 8. Bxf6 Bxf6 9. Nfd2 O-O 10. e4 dxe4 11. Nxe4 Bxe4 12. Bxe4 Ne7 13. Qf3 c6 14. Rd1 Nd5 15. h4 Be7 16. Nd2 Nf6 17. Bc2 Qd5 18. Qe2 Qh5 19. Nf3 Rad8 20. c4 Bd6 21. Kg2 c5 22. dxc5 Bxc5 23. Rxd8 Rxd8 24. Rd1 Rxd1 25. Qxd1 g6 26. Qd8+ Kg7 27. Qc7 Ng4 28. Ba4 Nxf2 29. Ne5 Qf5 30. Qxc5 Ng4 31. Nd7 Qe4+ 32. Kf1 Qd3+ 33. Ke1 Qe4+ 34. Kd2 Qg2+ 35. Kc3 Qxg3+ 36. Kb4 Qc7 37. Qxc7 1-0


[Site "https://www.chess.com"]

[Event "Titled Tuesday Blitz August 23 Early 2022"]
[White "Gholami Orimi, Mahdi"]
[Black "Nasuta, Grzegorz"]
[WhiteFideId "12558486"]
[BlackFideId "1141686"]
[WhiteElo "2354"]
[BlackElo "2354"]
[Result "1-0"]
[Round "05"]
[TimeControl "180+1"]
[Date "2022.08.23"]
[WhiteClock "0:00:10"]
[BlackClock "0:00:03"]

1. d4 d5 2. c4 c6 3. Nf3 Nf6 4. g3 Bf5 5. Nc3 e6 6. Qb3 Qb6 7. c5 Qxb3 8. axb3 h6 9. b4 Be7 10. b5 O-O 11. e3 cxb5 12. Bxb5 a6 13. Ba4 Nfd7 14. b4 Rc8 15. Ke2 b6 16. Bd2 a5 17. Nb5 axb4 18. Nd6 Bxd6 19. cxd6 b5 20. Bb3 Nc6 21. Rxa8 Rxa8 22. Rc1 Ra6 23. Ne5 Ncxe5 24. dxe5 Nxe5 25. Rc8+ Kh7 26. Bxb4 Bd3+ 27. Kd2 Bc4 28. Bc2+ f5 29. f4 Nd7 30. Rc7 Nf6 31. d7 Nxd7 32. Rxd7 Ra1 33. g4 Rh1 34. gxf5 Rxh2+ 35. Kc3 exf5 36. Bxf5+ Kg8 37. Bg6 d4+ 38. Kxd4 1-0


[Site "https://www.chess.com"]

[Event "Titled Tuesday Blitz August 23 Early 2022"]
[White "Hebden, Mark L"]
[Black "Fier, Alexandr"]
[WhiteFideId "400084"]
[BlackFideId "2107139"]
[WhiteElo "2457"]
[BlackElo "2598"]
[Result "0-1"]
[Round "05"]
[TimeControl "180+1"]
[Date "2022.08.23"]
[WhiteClock "0:00:23"]
[BlackClock "0:00:20"]

1. d4 Nf6 2. Nf3 c5 3. d5 g6 4. Nc3 Bg7 5. e4 d6 6. Be2 O-O 7. O-O Bg4 8. Ng5 Bxe2 9. Qxe2 Na6 10. a4 Nc7 11. Rd1 a6 12. a5 Rb8 13. Na4 Nd7 14. c3 b5 15. axb6 Nxb6 16. Nxb6 Rxb6 17. Bf4 Qd7 18. Ra2 Rfb8 19. h3 Qb5 20. Qxb5 Rxb5 21. Rd2 Bh6 22. g3 Bxg5 23. Bxg5 f6 24. Be3 Kf7 25. h4 f5 26. exf5 gxf5 27. Bg5 c4 28. Kg2 Nxd5 29. Rxa6 Nf6 30. Bxf6 Kxf6 31. Rc6 Rxb2 32. Rxb2 Rxb2 33. Rxc4 Rc2 34. Kf3 h5 35. Ke3 Ke5 36. Rc7 e6 37. c4 Rc3+ 38. Kd2 Ra3 39. c5 d5 40. c6 Kd4 41. Re7 Ra2+ 42. Ke1 e5 43. c7 Rc2 44. f3 e4 45. fxe4 fxe4 46. g4 hxg4 47. h5 g3 48. Kf1 Rf2+ 49. Kg1 Rf8 50. h6 e3 51. h7 Kd3 52. Kg2 e2 53. Kxg3 d4 54. Kg4 Kd2 55. Kg5 e1=Q 56. Rxe1 Kxe1 57. Kg6 Rc8 0-1


[Site "https://www.chess.com"]

[Event "Titled Tuesday Blitz August 23 Early 2022"]
[White "Ibrahimli, Murad"]
[Black "Martin Carmona, Gaston Manuel"]
[WhiteFideId "13410229"]
[BlackFideId "22284567"]
[WhiteElo "2109"]
[BlackElo "2162"]
[Result "1-0"]
[Round "05"]
[TimeControl "180+1"]
[Date "2022.08.23"]
[WhiteClock "0:01:19"]
[BlackClock "0:00:23"]

1. d4 Nf6 2. c4 b6 3. Nc3 Bb7 4. Qc2 d5 5. cxd5 Nxd5 6. Nf3 e6 7. Nxd5 Qxd5 8. a3 Na6 9. e3 O-O-O 10. Bc4 Qh5 11. Ne5 Bd6 12. Be2 Qg5 13. Nxf7 Qxg2 14. Rf1 Bxh2 15. Nxh8 Rxh8 16. Bd2 h5 17. O-O-O h4 18. Bc4 h3 19. Qa4 Nb8 20. Bxe6+ Kd8 21. d5 Be5 22. Qxa7 Nd7 23. Qxb7 Bd6 24. Qa8+ 1-0


[Site "https://www.chess.com"]

[Event "Titled Tuesday Blitz August 23 Early 2022"]
[White "Jones, Gawain C B"]
[Black "Le, Tuan Minh"]
[WhiteFideId "409561"]
[BlackFideId "12401153"]
[WhiteElo "2657"]
[BlackElo "2530"]
[Result "0-1"]
[Round "05"]
[TimeControl "180+1"]
[Date "2022.08.23"]
[WhiteClock "0:00:03"]
[BlackClock "0:00:16"]

1. g3 d5 2. Nf3 g6 3. Bg2 Bg7 4. O-O e5 5. d3 Ne7 6. Nc3 O-O 7. e4 d4 8. Ne2 Nbc6 9. c3 h6 10. cxd4 exd4 11. h4 a5 12. Bf4 Be6 13. a3 Qd7 14. Rc1 Ra6 15. Qd2 Kh7 16. Rc5 Rc8 17. Rfc1 a4 18. h5 g5 19. Bxg5 hxg5 20. Nxg5+ Kg8 21. Nxe6 Qxe6 22. Nf4 Qh6 23. Qe2 Kh8 24. e5 Rb6 25. e6 fxe6 26. Nxe6 Bf6 27. Bh3 Rg8 28. Nxc7 Rg5 29. Ne6 Re5 30. Qf3 Rxb2 31. Nf4 Bg5 32. Rxe5 Nxe5 33. Qe4 Bxf4 34. gxf4 N5c6 35. Qf3 Rb5 36. Bg4 Qg7 37. Kh1 Qf6 38. Rg1 Rd5 39. Kg2 Rd8 40. Kh3 Rf8 41. Rb1 Ne5 42. fxe5 Qxf3+ 43. Bxf3 Rxf3+ 44. Kg4 Rxd3 45. Rxb7 Nc6 46. f4 Rxa3 47. Rc7 Rc3 48. e6 Ne5+ 49. Kf5 Rxc7 50. Kxe5 d3 51. f5 d2 0-1


[Site "https://www.chess.com"]

[Event "Titled Tuesday Blitz August 23 Early 2022"]
[White "Kadric, Denis"]
[Black "Williams, Simon K"]
[WhiteFideId "14403803"]
[BlackFideId "404454"]
[WhiteElo "2657"]
[BlackElo "2468"]
[Result "1-0"]
[Round "05"]
[TimeControl "180+1"]
[Date "2022.08.23"]
[WhiteClock "0:01:58"]
[BlackClock "0:00:32"]

1. e4 e6 2. d3 c5 3. g3 Nc6 4. Bg2 g6 5. Nh3 Bg7 6. O-O e5 7. Nc3 d6 8. f4 Nge7 9. f5 gxf5 10. Qh5 f4 11. Ng5 Ng6 12. gxf4 exf4 13. Bxf4 Be6 14. Nxe6 fxe6 15. Bh3 Nd4 16. Bg5 Qd7 17. Nd5 Nxc2 18. Bxe6 Qd8 1-0


[Site "https://www.chess.com"]

[Event "Titled Tuesday Blitz August 23 Early 2022"]
[White "Karolczuk, Iwo"]
[Black "Bilan, Danila"]
[WhiteFideId "21816972"]
[BlackFideId "24161918"]
[WhiteElo "2270"]
[BlackElo "2164"]
[Result "0-1"]
[Round "05"]
[TimeControl "180+1"]
[Date "2022.08.23"]
[WhiteClock "0:00:06"]
[BlackClock "0:00:03"]

1. e4 c6 2. Nc3 d5 3. Nf3 Bg4 4. h3 Bxf3 5. Qxf3 e6 6. Be2 Nf6 7. d3 Nbd7 8. Qg3 d4 9. Nd1 e5 10. f4 Bd6 11. O-O g6 12. fxe5 Bxe5 13. Qh4 Qc7 14. Bg5 Ng8 15. Qf2 f6 16. Bd2 O-O-O 17. c4 Ne7 18. Bg4 Rhf8 19. Qe2 Kb8 20. b4 h5 21. Bf3 f5 22. Bg5 Rde8 23. c5 Bh2+ 24. Kh1 Nd5 25. Qf2 fxe4 26. dxe4 Bg3 27. Qxd4 Nf4 28. Ne3 Ne6 29. Qc3 Nxg5 30. b5 Be5 31. Qb3 Bxa1 32. bxc6 Nxf3 33. cxd7 Qh2# 0-1


[Site "https://www.chess.com"]

[Event "Titled Tuesday Blitz August 23 Early 2022"]
[White "Kosteniuk, Alexandra"]
[Black "Xu, Yi"]
[WhiteFideId "4128125"]
[BlackFideId "8605564"]
[WhiteElo "2469"]
[BlackElo "2471"]
[Result "1-0"]
[Round "05"]
[TimeControl "180+1"]
[Date "2022.08.23"]
[WhiteClock "0:00:14"]
[BlackClock "0:00:04"]

1. e4 c5 2. c3 Nf6 3. e5 Nd5 4. Nf3 Nc6 5. d4 cxd4 6. cxd4 d6 7. Bc4 Nb6 8. Bb5 dxe5 9. Nxe5 Bd7 10. Nxd7 Qxd7 11. Nc3 e6 12. O-O a6 13. Bxc6 Qxc6 14. Qg4 h5 15. Qg5 Rd8 16. Rd1 Nd5 17. Bd2 Nxc3 18. bxc3 Rd5 19. Qf4 Bd6 20. Qf3 Qc4 21. a4 h4 22. h3 O-O 23. Qg4 Be7 24. Rab1 b5 25. axb5 axb5 26. Rdc1 Ra8 27. Be3 Bf6 28. Qe4 Be7 29. Qf3 Ra3 30. Qe4 Ra2 31. Bf4 g6 32. Qf3 Ra3 33. Be5 b4 34. cxb4 Qxc1+ 35. Rxc1 Rxf3 36. Rc8+ Rd8 37. Rxd8+ Bxd8 38. gxf3 f6 39. Bd6 Kf7 40. Bc5 Ke8 41. b5 Kd7 42. Kf1 Ba5 43. Ke2 Bc3 44. Kd3 Be1 45. Ke2 Bc3 46. Ke3 Be1 47. b6 Kc6 48. Be7 Kxb6 49. Bxf6 Kc6 50. Bxh4 Kd5 51. Bf6 Bc3 52. Kf4 Bd2+ 53. Kg4 Kd6 54. f4 Kd5 55. Be5 Ke4 56. Kg5 Kf3 57. Kxg6 Kxf2 58. Kf6 Kg3 59. Kxe6 Kxh3 60. d5 1-0


[Site "https://www.chess.com"]

[Event "Titled Tuesday Blitz August 23 Early 2022"]
[White "Krsnik Cohar, Ivan Vihor"]
[Black "Hambleton, Aman"]
[WhiteFideId "14520044"]
[BlackFideId "2606577"]
[WhiteElo "2414"]
[BlackElo "2538"]
[Result "1-0"]
[Round "05"]
[TimeControl "180+1"]
[Date "2022.08.23"]
[WhiteClock "0:01:21"]
[BlackClock "0:00:01"]

1. e4 c5 2. Ne2 e6 3. g3 Nc6 4. Bg2 d5 5. O-O dxe4 6. Nbc3 Nf6 7. Nxe4 Be7 8. b3 Nxe4 9. Bxe4 Bf6 10. Rb1 O-O 11. Bb2 Bxb2 12. Rxb2 Qd6 13. c3 e5 14. d4 cxd4 15. cxd4 Nxd4 16. Nxd4 exd4 17. Rd2 Rd8 18. Qf3 Be6 19. Rfd1 g6 20. Qf6 Rac8 21. Rxd4 Qxd4 22. Rxd4 Rxd4 23. Qxd4 b6 24. Kg2 h5 25. h4 Rc5 26. Qd6 Ra5 27. b4 Rxa2 28. Bxg6 Rb2 29. Bxh5 1-0


[Site "https://www.chess.com"]